 Dungeon Crawl Stone Soup version 0.28.0 (webtiles) character file.

Game seed: 8644385363005645835

26 Sanktem7 the Covered (level 2, -1/27 HPs)
             Began as a Minotaur Fighter on Feb 12, 2022.
             Slain by Sigmund (7 damage)
             ... on level 2 of the Dungeon.
             The game lasted 00:01:22 (778 turns).

Sanktem7 the Covered (Minotaur Fighter)              Turns: 778, Time: 00:01:23

Health: -1/27      AC: 10    Str: 20    XL:     2   Next: 89%
Magic:  1/1        EV:  7    Int:  5    God:
Gold:   7          SH:  4    Dex:  9    Spells: 1/1 levels left

rFire   . . .      SeeInvis .   a - +0 war axe
rCold   . . .      Faith    .   c - +0 buckler
rNeg    . . .      Spirit   .   h - +0 chain mail
rPois   .          Reflect  .   (helmet restricted)
rElec   .          Harm     .   k - +0 cloak
rCorr   .          Rampage  .   (no gloves)
Will    .....                   (no boots)
Stlth   ..........              (no amulet)
HPRegen 0.09/turn               (no ring)
MPRegen 0.07/turn               (no ring)

@: no status effects
A: horns 2, retaliatory headbutt
a: no special abilities


You were on level 2 of the Dungeon.
You visited 1 branch of the dungeon, and saw 2 of its levels.

You collected 7 gold pieces.

Inventory:

Hand Weapons
 a - a +0 war axe (weapon)
Armour
 c - a +0 buckler (worn)
 h - a +0 chain mail (worn)
 k - a +0 cloak (worn)
Scrolls
 g - a scroll of amnesia {unknown}
 i - a scroll of enchant weapon {unknown}
Potions
 b - a potion of cancellation {unknown}
 d - a potion of might
 e - a potion of curing {unknown}
 f - a potion of brilliance {unknown}
 j - a potion of attraction {unknown}


   Skills:
 * Level 4.1 Fighting
 * Level 3.0 Axes
 * Level 4.2 Armour
 - Level 3.6 Shields


You had one spell level left.
You didn't know any spells.
Your spell library contained the following spells:

 Spells                   Type           Power      Damage    Failure   Level
 Corpse Rot               Necr/Air       0%         N/A       100%        2
 Poisonous Vapours        Pois/Air       0%         N/A       100%        2


Dungeon Overview and Level Annotations

Branches:
Dungeon (2/15)

Altars:
Kikubaaqudgha

Annotations:
D:2 Sigmund


Innate Abilities, Weirdness & Mutations

You have a pair of horns on your head.
You reflexively headbutt those who attack you in melee.


Message History

You closely miss the bat. The bat hits you. You block the bat's attack.
You closely miss the bat. Your headbutt misses the bat.
The bat hits you but does no damage.
You closely miss the bat. The bat barely misses you. You furiously retaliate!
You headbutt the bat.
You kill the bat!
Your Axes skill increases to level 3!
You see here a bat corpse.
HP restored.
Found a stone staircase leading down.
Sigmund the Dreaded comes into view.
He is wielding a +0 scythe.
Sigmund shouts!
Sigmund is nearby!
Sigmund is nearby!
Found a bubbling golden potion.
Sigmund closely misses you.
You barely miss Sigmund. Your headbutt misses Sigmund.
Sigmund screams, "I am the angel of ZOT!!!"
Sigmund barely misses you.
You closely miss Sigmund. Sigmund hits you but does no damage.
You barely miss Sigmund. Sigmund says, "I'm your fate."
Sigmund closely misses you. You furiously retaliate!
You headbutt Sigmund, but do no damage. You barely miss Sigmund.
You block Sigmund's attack.
You hit Sigmund but do no damage. You closely miss Sigmund.
You headbutt Sigmund.
Sigmund is lightly wounded.
Sigmund mumbles some strange words.
Sigmund flickers and vanishes!
Deactivating autopickup; reactivate with Ctrl-A.
Something hits you.
You closely miss something. Something hits you but does no damage.
You barely miss something. Something hits you.
You closely miss something. Your headbutt misses something. Something hits you.
You closely miss something. Your headbutt misses something. Something hits you!
* * * LOW HITPOINT WARNING * * *
You hit something. Your headbutt misses something. You miss something.
Something hits you!
You die...

##.....#.##......##.#
#†....#.##......##.#
#.....#.##......##.#
###
#.###.#.##......##.#
#.# #.#
#.#.##......##.# #.#
#+# #.#.##......##.#
#.# #.#.........##.#
#.#
#.#!........##.######.#
#.#.....{@............#
#.#.....######.######.#
....... #........# ....
########## ... .. #


There were no monsters in sight!

Vanquished Creatures
  An orc (D:2)
  3 bats
  2 endoplasms (D:1)
  3 giant cockroaches (D:1)
  2 goblins (D:1)
  2 hobgoblins (D:1)
  2 kobolds
  2 quokkas (D:1)
  A frilled lizard (D:1)
  3 rats
21 creatures vanquished.

Notes
Turn   | Place    | Note
-------+----------+-------------------------------------------
     0 | D:1      | Sanktem7 the Minotaur Fighter began the quest for the Orb.
     0 | D:1      | Reached XP level 1. HP: 19/19 MP: 0/0
   189 | D:1      | Reached XP level 2. HP: 25/27 MP: 1/1
   656 | D:2      | Found an ancient bone altar of Kikubaaqudgha.
   763 | D:2      | Noticed Sigmund
   778 | D:2      | Slain by Sigmund

Illustrated notes

Levels and vault maps discovered:
D:1:      lemuel_arrival_river_ford, layout_rooms, serial_glass,
          glass_columns_a, glass_columns_b, due_unseen_surprise
D:2:      layout_basic, hellmonk_ecumenical_altar_inner_sanctum, basic_altar,
          chequers_avenue, uniq_natasha, uniq_sigmund

Skill      XL: |  1  2 |
---------------+-------+-----
Fighting       | 4 |  4.1
Armour         | 4 |  4.2
Axes           | 3 |  3.0
Shields        | |  3.6

Action                   || total
-------------------------++-------
Melee: War axe           ||    44
       Headbutt          ||     5
Armor: Scale mail        ||    11
       Chain mail        ||    11
Dodge: Dodged            ||    16
Block: Buckler           ||     7
